 Dungeon Crawl Stone Soup version 0.30-a0-424-g7412bad402 (webtiles) character file.

Game seed: 6509666724769576651

294 arthad the Grave Robber (level 6, -1/43 HPs)
             Began as a Demonspawn Necromancer on Dec 10, 2022.
             Was an Initiate of Yredelemnul.
             Succumbed to an orc wizard's poison
             ... on level 6 of the Dungeon.
             The game lasted 00:14:18 (2492 turns).

arthad the Grave Robber (Demonspawn Necromancer)    Turns: 2492, Time: 00:14:19

Health: -1/43      AC:  2    Str:  8    XL:     6   Next: 11%
Magic:  8/10       EV: 14    Int: 25    God:    Yredelemnul [......]
Gold:   258        SH:  0    Dex: 13    Spells: 1/11 levels left

rFire   . . .      SeeInvis .    (no weapon)
rCold   . . .      Faith    .    (no shield)
rNeg    . . .      Spirit   .    a - +0 robe
rPois   .          Reflect  .    (no helmet)
rElec   .          Harm     .    (no cloak)
rCorr   .          Rampage  .    (no gloves)
Will    .....                    (no boots)
Stlth   ++........               g - amulet of magic regeneration
HPRegen 0.27/turn                j - +6 ring of intelligence
MPRegen 0.64/turn                (no ring)

@: lethally poisoned (-1 -> -25), on berserk cooldown
A: repulsion field 1, magic regeneration, weakness stinger 1
a: Renounce Religion, Recall Undead Harvest


You were on level 6 of the Dungeon.
You worshipped Yredelemnul.
Yredelemnul was noncommittal.
You visited 1 branch of the dungeon, and saw 6 of its levels.

You collected 258 gold pieces.

Inventory:

Hand Weapons
 c - a +0 sling of freezing
Missiles
 d - 3 atropa-tipped darts
 k - 2 datura-tipped darts
 n - 4 poisoned darts
Armour
 a - a +0 robe (worn)
Jewellery
 g - an amulet of magic regeneration (around neck)
 j - a +6 ring of intelligence (left hand)
Scrolls
 e - 3 scrolls of teleportation
 i - 2 scrolls of identify
 s - a scroll of fear {unknown}
 u - a scroll of enchant weapon {unknown}
Potions
 b - a potion of magic
 o - a potion of heal wounds
 r - a potion of attraction


   Skills:
 + Level 1.4 Fighting
 + Level 2.5 Dodging
 + Level 2.8 Stealth
 * Level 3.2 Spellcasting
 + Level 1.0 Conjurations
 * Level 5.3 Necromancy
 * Level 3.2 Invocations


You had one spell level left.
You knew the following spells:

 Your Spells              Type           Power      Damage    Failure   Level
a - Necrotise             Necr           100%       1d9       1%          1
b - Magic Dart            Conj           36%        1d4       6%          1
c - Vampiric Draining     Necr           30%        2d8       3%          3
d - Agony                 Necr           30%        N/A       30%         5

Your spell library contained the following spells:

 Spells                   Type           Power      Damage    Failure   Level
 Searing Ray              Conj           18%        2d5       10%         2
 Call Imp                 Summ           4%         N/A       16%         2
 Ensorcelled Hibernation  Hex/Ice        8%         N/A       16%         2
 Passwall                 Tmut/Erth      3%         N/A       16%         2
 Mephitic Cloud           Conj/Pois/Air  5%         N/A       26%         3
 Swiftness                Air            4%         N/A       30%         3
 Fulminant Prism          Conj/Hex       3%         3d5       61%         4
 Animate Dead             Necr           Unusable   N/A       N/A         4

Dungeon Overview and Level Annotations

Branches:
Dungeon (7/15)
 Temple: D:4-7

Altars:
Yredelemnul

Shops:
D:4 [


Innate Abilities, Weirdness & Mutations

You are surrounded by a mild repulsion field. (EV +2)
You regenerate magic rapidly.
You have a small tail.


Message History

Unknown command.
Aiming: Necrotise (safe; 1% risk of failure)
Press: ? - help, Q - select action, (/) - cycle Shift-Dir - straight line, f - orc priest
Aim: an orc priest, wielding a +0 short sword (lightly wounded, chance to affect: 83%)
The orc priest barely resists.
You feel very sick. The orc priest barely misses you.
The orc barely misses your orc wizard zombie.
Something hits you but does no damage. The orc barely misses you.
Unknown command.
Aiming: Necrotise (safe; 1% risk of failure)
Press: ? - help, Q - select action, (/) - cycle Shift-Dir - straight line, f/p - orc priest
Aim: an orc priest, wielding a +0 short sword (lightly wounded, chance to affect: 83%)
The orc priest writhes in agony.
You feel sick.
Your orc wizard zombie barely misses the orc.
The orc hits you but does no damage.
The orc priest hits you with a +0 short sword.
Something hits you.
* * * LOW HITPOINT WARNING * * *
You are lethally poisoned!
The orc hits your orc wizard zombie with a +0 short sword.
Unknown command.
Aiming: Necrotise (safe; 1% risk of failure)
Press: ? - help, Q - select action, (/) - cycle Shift-Dir - straight line, f/p - orc priest
Aim: an orc priest, wielding a +0 short sword (lightly wounded, chance to affect: 83%)
The orc priest writhes in agony!
* * * LOW HITPOINT WARNING * * *
You feel very sick.
Your orc wizard zombie barely misses the orc.
The orc priest misses you. The orc completely misses you. Something hits you.
* * * LOW HITPOINT WARNING * * *
You are more poisoned.
The orc hits your orc wizard zombie with a +0 short sword.
Aiming: Necrotise (safe; 1% risk of failure)
Press: ? - help, Q - select action, (/) - cycle Shift-Dir - straight line, f/p - orc priest
Aim: an orc priest, wielding a +0 short sword (severely wounded, chance to affect: 83%)
The orc priest barely resists.
You die...
Your body rises from the dead as a mindless zombie.

......##### #........
..........####....##..
.....))..........## .
.......).........#
........)........#
###....).!##......#
#....Zo.#..#..#.#
#....o..#.#..#..#
#....@o.#...#...#
#.......#..#..#..[
#########.#..#..##
..#....


You could see an orc priest, 2 orcs and a friendly orc wizard zombie.

Vanquished Creatures
  An orc priest (D:3)
  4 orc wizards
  4 adders
  An ufetubus (D:3)
  A worm (D:2)
  A dart slug (D:2)
  15 orcs
  5 ball pythons
  5 endoplasms
  3 giant cockroaches (D:3)
  4 goblins
  5 hobgoblins
  4 bats
  5 frilled lizards
  8 kobolds
  9 rats
75 creatures vanquished.

Vanquished Creatures (collateral kills)
  An orc priest (D:4)
  An orc (D:4)
  An endoplasm (D:1)
  A goblin (D:3)
  A kobold (D:1)
  2 rats (D:1)
7 creatures vanquished.

Vanquished Creatures (others)
  A bat zombie (D:1)
  11 orc zombies
  A rat zombie (D:1)
  4 plants (D:3)
17 creatures vanquished.

Grand Total: 99 creatures vanquished

Notes
Turn   | Place    | Note
-------+----------+-------------------------------------------
     0 | D:1      | arthad the Demonspawn Necromancer began the quest for the
                  | Orb.
     0 | D:1      | Reached XP level 1. HP: 13/13 MP: 3/3
   242 | D:1      | Found a faded altar of an unknown god.
   252 | D:1      | Prayed at the altar of an unknown god.
   252 | D:1      | Became a worshipper of Yredelemnul the Dark
   252 | D:1      | Reached * piety under Yredelemnul
   505 | D:1      | Gained mutation: You regenerate magic rapidly. [demonic
                  | ancestry]
   505 | D:1      | Reached XP level 2. HP: 19/19 MP: 3/5
   916 | D:1      | Reached skill level 1 in Invocations
  1135 | D:2      | Learned a level 1 spell: Magic Dart
  1220 | D:2      | Gained mutation: You are surrounded by a mild repulsion
                  | field. (EV +2) [demonic ancestry]
  1220 | D:2      | Reached XP level 3. HP: 25/25 MP: 4/6
  1646 | D:3      | Gained mutation: You have a small tail. [demonic ancestry]
  1646 | D:3      | Reached XP level 4. HP: 31/31 MP: 5/7
  1720 | D:3      | Reached skill level 5 in Necromancy
  1727 | D:3      | Reached skill level 1 in Fighting
  1957 | D:3      | Reached XP level 5. HP: 37/37 MP: 7/9
  2021 | D:3      | Reached ** piety under Yredelemnul
  2263 | D:4      | Found Jiuj's Antique Armour Emporium.
  2350 | D:4      | Learned a level 3 spell: Vampiric Draining
  2356 | D:4      | Learned a level 5 spell: Agony
  2370 | D:4      | You fall into a shaft and drop 3 floors!
  2463 | D:6      | Reached skill level 1 in Conjurations
  2463 | D:6      | Reached XP level 6. HP: 43/43 MP: 7/10
  2492 | D:6      | Succumbed to an orc wizard's poison

Illustrated notes

Levels and vault maps discovered:
D:1:      dpeg_arrival_ratfight, layout_loops_corners,
          ebering_ecumenical_altar_box
D:2:      layout_loops_ring
D:3:      layout_basic, hex_intersection, serial_bayou_pond_a, minmay_unequal
D:4:      layout_rooms, serial_shops, nicolae_stop_n_shop_2
D:6:      layout_basic, mainiacjoe_overflow_small_starburst,
          minmay_misc_feat_diagonals, item_on_display_a
D:7:      layout_basic, nicolae_dithmenos_shadow_blocks,
          makhleb_altar_promises_db, temple_green, uniq_maggie, uniq_joseph,
          uniq_pikel

Skill      XL: |  1  2  3  4  5 |
---------------+----------------+-----
Dodging        | 2 |  2.5
Stealth        | 2 |  2.8
Invocations    | 1 2 3 |  3.2
Necromancy     | 5 |  5.3
Fighting       | 1 |  1.4
Spellcasting   | 3 |  3.2
Conjurations   | 1 |  1.0

Action                   |  1- 3 |  4- 6 || total
-------------------------+-------+-------++-------
Melee: Unarmed           |     2 |    12 ||    14
       Tailslap          |       |     3 ||     3
 Fire: Sling             |       |     3 ||     3
 Cast: Necrotise         |    58 |    80 ||   138
       Magic Dart        |       |     4 ||     4
  Use: Scroll            |       |     6 ||     6
       Potion            |       |     6 ||     6
Armor: Robe              |     2 |     7 ||     9
Dodge: Dodged            |     8 |    41 ||    49

Table legend: (Time is in decaauts)
 A = Elapsed time spent in this place.
 B = Non-inter-level travel time spent in this place.
 C = Inter-level travel time spent in this place.
 D = Time resting spent in this place.
 E = Time spent auto-exploring this place.
 F = Levels seen in this place.
 G = Mean time per level.
                   A        B        C        D        E       F      G
               +--------+--------+--------+--------+--------+-----+--------+
         Total |   2489 |   2438 |     51 |      0 |   1941 |   6 |  414.8 |
       Dungeon |   2489 |   2438 |     51 |      0 |   1941 |   6 |  414.8 |
               +--------+--------+--------+--------+--------+-----+--------+

Top non-repeatable levels by time:
     D:1: 999 daAuts
     D:2: 638 daAuts
     D:3: 624 daAuts
     D:4: 106 daAuts
     D:6: 104 daAuts
     D:7: 14 daAuts
